 Dungeon Crawl Stone Soup version 0.31-a0-486-g8d68a81214 (webtiles) character file.

Game seed: 6898815142255584

588 randomguy2701 the Gusty (level 7, -2/37 HPs)
             Began as a Tengu Air Elementalist on Aug 7, 2023.
             Slain by Prince Ribbit (10 damage)
             ... on level 6 of the Dungeon on Aug 8, 2023.
             The game lasted 00:23:12 (5883 turns).

randomguy2701 the Gusty (Tengu Air Elementalist)    Turns: 5883, Time: 00:23:13

Health: -2/37      AC:  5    Str:  8      XL:     7   Next: 38%
Magic:  9/15       EV: 14    Int: 18      God:
Gold:   335        SH:  0    Dex: 13 (14) Spells: 14/15 levels left

rFire   . . .        f - +0 spear
rCold   . . .        (no shield)
rNeg    . . .        x - +0 leather armour
rPois   +            (helmet restricted)
rElec   .            v - scarf {repulsion}
rCorr   .            w - +1 pair of gloves
SInv    .            (boots unavailable)
Will    .....        (no amulet)
Stlth   ++           r - ring of poison resistance
HPRegen 0.26/turn    (no ring)
MPRegen 0.14/turn

%: repel missiles
@: flying quickly and evasively, quick
A: beak, talons 3, nimble flight
a: no special abilities


You were on level 6 of the Dungeon.
You visited 1 branch of the dungeon, and saw 6 of its levels.
You also visited: Sewer.

You collected 335 gold pieces.

Inventory:

Hand Weapons
 f - a +0 spear (weapon)
Missiles
 B - a throwing net
Armour
 a - a +0 robe
 v - a scarf of repulsion (worn)
 w - a +1 pair of gloves (worn)
 x - a +0 leather armour (worn)
Jewellery
 r - a ring of poison resistance (left hand)
 y - an amulet of faith
Wands
 m - a wand of digging (5)
 u - a wand of polymorph (5)
Scrolls
 d - 3 scrolls of identify {unknown}
 g - a scroll of acquirement {unknown}
 h - a scroll of enchant armour {unknown}
 i - a scroll of immolation {unknown}
 n - a scroll of poison {unknown}
 o - a scroll of fear {unknown}
 q - a scroll of noise {unknown}
 s - a scroll of vulnerability {unknown}
 t - a scroll of teleportation {unknown}
 C - a scroll of fog {unknown}
Potions
 b - a potion of magic
 c - a potion of curing {unknown}
 e - 2 potions of might {unknown}
 j - a potion of invisibility {unknown}
 k - a potion of berserk rage
 p - a potion of cancellation {unknown}
 z - a potion of resistance {unknown}
 A - a potion of ambrosia {unknown}
 D - a potion of heal wounds {unknown}


   Skills:
 + Level 0.5 Fighting
 + Level 0.6 Polearms
 + Level 0.2 Armour
 + Level 2.8 Dodging
 + Level 2.7 Stealth
 + Level 0.3 Unarmed Combat
 + Level 4.7 Spellcasting
 + Level 4.0 Conjurations
 + Level 6.8 Air Magic


You had 14 spell levels left.
You knew the following spells:

 Your Spells              Type           Power      Damage    Failure   Level
a - Shock                 Conj/Air       92%        1d8       1%          1

Your spell library contained the following spells:

 Spells                   Type           Power      Damage    Failure   Level
 Static Discharge         Conj/Air       46%        2-4/arc   3%          2
 Swiftness                Air            28%        N/A       3%          3
 Poisonous Vapours        Pois/Air       32%        N/A       7%          2
 Airstrike                Air            14%        2d(2-18)  12%         4
 Mephitic Cloud           Conj/Pois/Air  17%        N/A       13%         3
 Inner Flame              Hex/Fire       4%         N/A       50%         3
 Freezing Cloud           Conj/Ice/Air   8%         6-21      77%         5
 Yara's Violent Unravell  Hex/Tmut       2%         3d3       99%         5
 Enfeeble                 Hex            2%         N/A       100%        7


Dungeon Overview and Level Annotations

Branches:
Dungeon (6/15)              Sewer (visited)
 Temple: D:4-7

Altars:
Hepliaklqana
Okawaru

Shops:
D:3 [*(

Annotations:
D:3 3 runed translucent doors, ytrimaz's ghost, weakling DsSh
D:5 Eustachio
D:6 Edmund; Prince Ribbit


Innate Abilities, Weirdness & Mutations

You have a beak for a mouth.
You have claws for feet.
Your magical nature lets you fly swiftly and evasively.


Message History

Found 6 gold pieces.
Prince Ribbit hits you!
* * * LOW HITPOINT WARNING * * *
Aiming: Polymorph
Press: ? - help, Q - select action, (/) - cycle Shift-Dir - straight line, f - Prince Ribbit
Aim: Prince Ribbit (will become a tengu, a steam dragon, or a golden eye, chance to affect: 31%)
Okay, then.
Prince Ribbit attacks as you move away! Prince Ribbit closely misses you.
Prince Ribbit blinks!
Prince Ribbit blinks!
Aiming: Fastroot
Press: ? - help, Q - select action, (/) - cycle Shift-Dir - straight line, f - Prince Ribbit
Aim: Prince Ribbit The roots erupt in riotous growth!
Roots grab Prince Ribbit.
The grasping roots constrict Prince Ribbit.
Prince Ribbit hits you.
* * * LOW HITPOINT WARNING * * *
The grasping roots constrict Prince Ribbit.
The roots release their grip on Prince Ribbit.
There is a stone staircase leading up here.
Prince Ribbit hits you.
* * * LOW HITPOINT WARNING * * *
Edmund the Younger comes into view.
He is wielding a +2 flail of protection.
Edmund shouts!
Prince Ribbit blinks!
Prince Ribbit says, "You're just another fly to me."
Prince Ribbit blinks!
Aiming: Fastroot
Press: ? - help, Q - select action, (/) - cycle Shift-Dir - straight line, f/p - Prince Ribbit
Aim: Prince Ribbit (lightly wounded)
The roots erupt in riotous growth!
Roots grab Prince Ribbit.
The now-empty wand crumbles to dust.
The grasping roots constrict Prince Ribbit.
Prince Ribbit struggles to escape constriction.
The grasping roots constrict Prince Ribbit.
The roots release their grip on Prince Ribbit.
Prince Ribbit croaks regally.
Prince Ribbit attacks as you move away! Prince Ribbit hits you!
You die...

# ## .## #.# ##.#
#$# ##..# #.###.#.#
#.#.##.# #.###.#
#########.###.####.#
#.....@F.@.........#
#.#######.###<######
#.# #.#
#@###ยง######
#...J..F.....
##########.##


You could see Edmund and Prince Ribbit.

Vanquished Creatures
  Pargi (Sewer)
  Blork the orc (D:5)
  A scorpion (D:5)
  2 hounds
  An orc priest (D:3)
  A jelly (D:4)
  A sleepcap (D:5)
  Jessica (D:2)
  An orc wizard (D:5)
  Robin (D:2)
  3 adders
  A shadow imp (D:5)
  An ufetubus (D:5)
  3 worms
  2 dart slugs
  12 orcs
  10 ball pythons
  4 bats
  8 endoplasms
  6 giant cockroaches
  5 hobgoblins
  8 jackals
  5 kobolds
  3 quokkas
  3 frilled lizards
  16 goblins
  2 rats
103 creatures vanquished.

Notes
Turn   | Place    | Note
-------+----------+-------------------------------------------
     0 | D:1      | randomguy2701 the Tengu Air Elementalist began the quest
                  | for the Orb.
     0 | D:1      | Reached XP level 1. HP: 10/10 MP: 4/4
     2 | D:1      | Noticed a demigod
     4 | D:1      | Noticed a merfolk
     4 | D:1      | Noticed a vine stalker
     6 | D:1      | Noticed a minotaur
     6 | D:1      | Noticed a meteoran
     8 | D:1      | Noticed an ogre
     8 | D:1      | Noticed a draconian
    10 | D:1      | Noticed a formicid
    12 | D:1      | Noticed a demonspawn
    12 | D:1      | Noticed a troll
    14 | D:1      | Noticed an elf
    14 | D:1      | Noticed a spriggan
    16 | D:1      | Noticed a naga
    16 | D:1      | Noticed a felid
    18 | D:1      | Noticed a gargoyle
    18 | D:1      | Noticed a human
    20 | D:1      | Noticed an octopode
    20 | D:1      | Noticed a tengu
    22 | D:1      | Noticed an armataur
    24 | D:1      | Noticed a ghoul
    24 | D:1      | Noticed an elf
    26 | D:1      | Noticed a demonspawn
   300 | D:1      | Reached XP level 2. HP: 15/15 MP: 3/6
   854 | D:2      | Reached XP level 3. HP: 19/19 MP: 5/7
  1653 | D:2      | Noticed Robin
  1667 | D:2      | Reached XP level 4. HP: 24/24 MP: 0/9
  1670 | D:2      | Killed Robin
  1697 | D:2      | Noticed Jessica
  1730 | D:2      | Killed Jessica
  1879 | D:2      | Gained mutation: Your magical nature lets you fly swiftly
                  | and evasively. [Tengu growth]
  1879 | D:2      | Reached XP level 5. HP: 28/28 MP: 4/11
  2354 | D:3      | Found Ynat's General Store.
  2395 | D:3      | Reached skill level 5 in Air Magic
  2465 | D:3      | Found a glowing drain.
  2469 | Sewer    | Entered a sewer
  2537 | Sewer    | Noticed Pargi
  2569 | Sewer    | Killed Pargi
  2570 | Sewer    | Reached XP level 6. HP: 33/33 MP: 0/12
  2749 | D:3      | Found a faded altar of an unknown god.
  2790 | D:3      | Found a runed translucent gate.
  2790 | D:3      | Found a runed translucent gate.
  2791 | D:3      | Found a runed translucent gate.
  2793 | D:3      | Noticed ytrimaz's ghost (weakling DsSh)
  2925 | D:3      | Found Taesank's Armour Shoppe.
  3210 | D:3      | Found Doakuif's Weapon Shoppe.
  4004 | D:4      | Found an iron altar of Okawaru.
  4008 | D:4      | Found a hazy altar of Hepliaklqana.
  4697 | D:5      | Entered Level 5 of the Dungeon
  4881 | D:5      | Found Vaorgh's Book Emporium.
  4904 | D:5      | Noticed Blork the orc
  4910 | D:5      | Killed Blork the orc
  4911 | D:5      | Reached XP level 7. HP: 34/37 MP: 7/14
  5099 | D:5      | Reached skill level 6 in Air Magic
  5232 | D:5      | Noticed Eustachio
  5861 | D:6      | Noticed Prince Ribbit
  5872 | D:6      | Noticed Edmund
  5883 | D:6      | Slain by Prince Ribbit

Illustrated notes

Levels and vault maps discovered:
D:1:      kb_arrival_jail, layout_basic
D:2:      cheibrodos_old_hovel, layout_loops_corners, minivault_26,
          dreamdust_princess_bridge, uniq_jessica, uniq_robin
D:3:      layout_rooms, gup_sewer_entry_bowl, serial_shops, shop, shop, shop,
          nicolae_ecumenical_oubliette, gammafunk_ghost_nasty_kobolds,
          chequers_serial_rivers_room_b
D:4:      cheibrodos_quashed, layout_loops_corners, minitemple, minmay_between
D:5:      layout_cave_pods, serial_shops, nicolae_shop_tiny_statue_garden,
          uniq_eustachio, uniq_blork_the_orc
D:6:      layout_loops_ring, kennysheep_generic_room_9, uniq_prince_ribbit1,
          uniq_edmund, uniq_crazy_yiuf_cottage

Skill      XL: |  1  2  3  4  5  6  7 |
---------------+----------------------+-----
Conjurations   | 2 3 4 |  4.0
Spellcasting   | 3 4 |  4.7
Air Magic      | 5 6 |  6.8
Fighting       | |  0.5
Polearms       | |  0.6
Armour         | |  0.2
Dodging        | |  2.8
Stealth        | |  2.7
Unarmed Combat | |  0.3

Action                     |  1- 3 |  4- 6 |  7- 9 || total
---------------------------+-------+-------+-------++-------
  Melee: Unarmed           |    25 |       |       ||    25
         Kick              |     4 |     4 |     1 ||     9
         Peck              |     2 |     2 |     1 ||     5
         Spear             |       |    22 |     8 ||    30
         Punch             |       |     1 |       ||     1
   Cast: Shock             |    68 |   133 |    68 ||   269
  Evoke: Wand              |       |       |     2 ||     2
 Armour: Robe              |    12 |     3 |       ||    15
         Leather armour    |       |       |    60 ||    60
  Dodge: Dodged            |    33 |    23 |   144 ||   200
         Repelled          |       |     1 |       ||     1

Table legend: (Time is in decaauts)
 A = Elapsed time spent in this place.
 B = Non-inter-level travel time spent in this place.
 C = Inter-level travel time spent in this place.
 D = Time resting spent in this place.
 E = Time spent auto-exploring this place.
 F = Levels seen in this place.
 G = Mean time per level.
                   A        B        C        D        E       F      G
               +--------+--------+--------+--------+--------+-----+--------+
         Total |   5623 |   5235 |    388 |      0 |   4386 |   7 |  803.3 |
       Dungeon |   5386 |   4998 |    388 |      0 |   4196 |   6 |  897.7 |
         Sewer |    236 |    236 |      0 |      0 |    189 |   1 |  236.0 |
               +--------+--------+--------+--------+--------+-----+--------+

Top non-repeatable levels by time:
     D:2: 1693 daAuts
     D:4: 1049 daAuts
     D:5: 1023 daAuts
     D:1: 817 daAuts
     D:3: 778 daAuts
   Sewer: 236 daAuts
     D:6: 25 daAuts
